 Dungeon Crawl Stone Soup version 0.26-a0-712-ga5a9c9c9d0 (webtiles) character file.

Game seed: 13359917124858023284

6127 kae the Impaler (level 10, -14/85 HPs)
             Began as a Merfolk Gladiator on Nov 13, 2020.
             Was a Priest of Makhleb.
             Demolished by a boulder beetle (31 damage)
             ... on level 10 of the Dungeon.
             The game lasted 00:08:57 (11087 turns).

kae the Impaler (Merfolk Gladiator)                Turns: 11087, Time: 00:08:57

Health: -14/85     AC:  5    Str: 19    XL:     10   Next: 89%
Magic:  13/13      EV: 16    Int:  7    God:    Makhleb [***...]
Gold:   546        SH:  0    Dex: 15    Spells: 9/9 levels left

rFire    . . .     SeeInvis .   p - +4 spear (freeze)
rCold    . . .     Faith    .   (no shield)
rNeg     . . .     Spirit   .   b - +1 leather armour
rPois    .         Reflect  .   c - +0 helmet
rElec    .         Harm     +   r - scarf {harm}
rCorr    .         Rampage  .   (no gloves)
MR       .....                  (no boots)
Stlth    ..........             (no amulet)
HPRegen  0.24/turn              m - ring of attention (curse)
MPRegen  0.13/turn              j - ring of flight

@: no status effects
A: change form in water, swift swim, stealthy swim
a: Minor Destruction, Lesser Servant of Makhleb, Renounce Religion, Evoke Flight


You were on level 10 of the Dungeon.
You worshipped Makhleb.
Makhleb was most pleased with you.
You visited 2 branches of the dungeon, and saw 11 of its levels.

You collected 546 gold pieces.

Inventory:

Hand Weapons
 a - a +1 trident
 p - a +4 spear of freezing (weapon)
Missiles
 d - 3 throwing nets (quivered)
Armour
 b - a +1 leather armour (worn)
 c - a +0 helmet (worn)
 f - a scarf of shadows
 r - a scarf of harm (worn)
Jewellery
 j - a ring of flight (right hand)
 m - a cursed ring of attention (left hand)
 v - an uncursed amulet of faith
Wands
 g - a wand of enslavement (6)
Scrolls
 e - a scroll of identify
 l - 2 scrolls of teleportation
 o - 6 scrolls of remove curse
 q - a scroll of blinking
Potions
 h - 4 potions of ambrosia
 i - a potion of cancellation
 k - a potion of magic
 n - a potion of mutation
 t - a potion of haste


   Skills:
 - Level 10.0 Fighting
 - Level 16.3 Polearms
 - Level 2.0 Throwing
 + Level 6.8 Dodging
 + Level 4.4 Invocations


You had 9 spell levels left.
You didn't know any spells.
Your spell library contained the following spells:

 Spells                   Type           Power        Failure   Level
 Animate Skeleton         Necr           #.....       50%         1
 Apportation              Tloc           #.....       50%         1
 Corona                   Hex            #......      50%         1
 Pain                     Necr           #...         50%         1
 Shock                    Conj/Air       #...         50%         1
 Summon Small Mammal      Summ           #...         50%         1
 Swiftness                Air            #.......     63%         2
 Static Discharge         Conj/Air       #.......     86%         3
 Vampiric Draining        Necr           #.........   86%         3
 Airstrike                Air            #.........   99%         4
 Animate Dead             Necr           #.........   99%         4
 Agony                    Necr           #.......     100%        5
 Lightning Bolt           Conj/Air       #.........   100%        5


Dungeon Overview and Level Annotations

Branches:
Dungeon (10/15)            Temple (1/1) D:4            Lair (0/6) D:8
    Orc: D:9-12

Altars:
Cheibriados
Dithmenos
Elyvilon
Fedhas
Gozag
Hepliaklqana
Makhleb
Nemelex Xobeh
Okawaru
Qazlal
Sif Muna
Trog
Wu Jian
Yredelemnul
Zin
The Shining One

Shops:
D:4 (   D:10 *

Annotations:
D:3 1 runed translucent door, Crazy Yiuf
D:5 3 runed translucent doors, Queen's ghost, amateur GrFi; Verendum's ghost, novice OpAK; Yendr0's ghost, novice DDFi
D:7 1 transporter, Yorgos's ghost, novice DEIE


Message History

You hit the boulder beetle but do no damage.
The boulder beetle is lightly wounded.
The boulder beetle closely misses you.
You completely miss the boulder beetle.
The boulder beetle is lightly wounded.
You hit the boulder beetle. You freeze the boulder beetle.
The boulder beetle is moderately wounded.
The boulder beetle bites you.
You puncture the boulder beetle! You freeze the boulder beetle.
The boulder beetle is heavily wounded.
You hit the boulder beetle but do no damage.
The boulder beetle is heavily wounded.
The boulder beetle bites you!!
* * * LOW HITPOINT WARNING * * *
You hit the boulder beetle. You freeze the boulder beetle.
The boulder beetle is heavily wounded.
You hit the boulder beetle but do no damage.
The boulder beetle is heavily wounded.
The boulder beetle bites you!!
You die...

##. . #. .#. ... #. ...
#.# ## #.# #.# .# #.#
#.# .##.#### #.# #.#
#.##..... #..#####.###.#
#.####### ⌠.⌠...B@..##.#
#.# .∩.#####..##.###.#
.⌠..............#
...##.#..#####..#
#.#..#####..####### ..#.
#..................
..#.####..#####.#######.
.....>....# #.#
....###.#####)#


You could see a boulder beetle.

Vanquished Creatures
  2 two-headed ogres
  2 trolls
  A hornet (D:10)
  Edmund (D:4)
  4 orc warriors
  2 ice beasts
  A black bear (D:9)
  3 ogres
  2 sky beasts
  A phantom (D:5)
  3 wolves (D:7)
  4 centaurs
  Blork the orc (D:5)
  A big kobold (D:8)
  2 bullfrogs (D:6)
  A scorpion (D:10)
  3 howler monkeys
  4 wights (D:7)
  2 electric eels (D:8)
  A bullfrog zombie (D:4)
  A centaur zombie (D:4)
  8 hounds
  A bullfrog skeleton (D:4)
  6 orc priests
  3 centaur skeletons
  Jessica (D:2)
  2 iguanas
  13 orc wizards
  2 worker ants
  A killer bee zombie (D:8)
  2 hound zombies
  A hound skeleton (D:9)
  4 gnolls
  7 adders
  A shadow imp (D:5)
  An adder skeleton (D:8)
  3 adder zombies
  2 worms
  2 dart slugs
  8 leopard geckos
  44 orcs
  7 giant cockroaches
  5 goblins
  10 hobgoblins
  17 jackals
  9 kobolds
  6 quokkas
  5 bats (D:1)
  6 frilled lizards
  A giant cockroach zombie (D:4)
  2 jackal zombies
  A leopard gecko skeleton (D:6)
  A leopard gecko zombie (D:7)
  2 quokka skeletons (D:4)
  11 rats
237 creatures vanquished.

Vanquished Creatures (others)
  A gnoll shaman (D:6)
  A quokka (D:6)
2 creatures vanquished.

Grand Total: 239 creatures vanquished

Notes
Turn   | Place    | Note
-------+----------+-------------------------------------------
     0 | D:1      | kae the Merfolk Gladiator began the quest for the Orb.
     0 | D:1      | Reached XP level 1. HP: 16/16 MP: 1/1
   122 | D:1      | Reached XP level 2. HP: 23/23 MP: 2/2
   233 | D:1      | Reached skill level 5 in Polearms
   607 | D:1      | Reached XP level 3. HP: 17/28 MP: 3/3
  1174 | D:2      | Noticed Jessica
  1186 | D:2      | Killed Jessica
  1186 | D:2      | Reached skill level 6 in Polearms
  1186 | D:2      | Reached XP level 4. HP: 28/35 MP: 4/4
  1545 | D:2      | Found a hazy altar of Hepliaklqana.
  2127 | D:3      | Found a snail-covered altar of Cheibriados.
  2130 | D:3      | Found a basalt altar of Yredelemnul.
  2130 | D:3      | Found a shimmering blue altar of Sif Muna.
  2213 | D:2      | Found an opulent altar of Gozag.
  2350 | D:3      | Reached skill level 7 in Polearms
  2361 | D:3      | Found a runed translucent door.
  2362 | D:3      | Noticed Crazy Yiuf
  2580 | D:3      | Reached XP level 5. HP: 41/41 MP: 5/5
  3019 | D:4      | Noticed an ogre
  3049 | D:4      | Killed an ogre
  3049 | D:4      | Reached skill level 8 in Polearms
  3049 | D:4      | Reached XP level 6. HP: 30/48 MP: 6/6
  3466 | D:4      | Reached skill level 9 in Polearms
  3473 | D:4      | Found a glowing golden altar of the Shining One.
  3689 | D:4      | Found a staircase to the Ecumenical Temple.
  3707 | Temple   | Entered the Ecumenical Temple
  3807 | Temple   | Became a worshipper of Makhleb the Destroyer
  3859 | D:4      | Found a blossoming altar of Fedhas.
  4004 | D:4      | Found Varphif's Antique Weapon Shop.
  4025 | D:4      | Noticed Edmund
  4044 | D:4      | Killed Edmund
  4044 | D:4      | Reached skill level 5 in Fighting
  4044 | D:4      | Reached XP level 7. HP: 27/56 MP: 7/7
  4366 | D:5      | Entered Level 5 of the Dungeon
  4423 | D:5      | Noticed Blork the orc
  4435 | D:5      | Reached skill level 10 in Polearms
  4459 | D:5      | Killed Blork the orc
  4893 | D:5      | Reached skill level 11 in Polearms
  4893 | D:5      | Reached XP level 8. HP: 49/64 MP: 8/8
  5291 | D:5      | Found a runed translucent gate.
  5291 | D:5      | Found a runed translucent gate.
  5291 | D:5      | Noticed Queen's ghost (amateur GrFi)
  5291 | D:5      | Noticed Yendr0's ghost (novice DDFi)
  5292 | D:5      | Found a runed translucent gate.
  5292 | D:5      | Noticed Verendum's ghost (novice OpAK)
  5519 | D:6      | Noticed a troll
  5576 | D:6      | Found a sparkling altar of Nemelex Xobeh.
  5755 | D:6      | Reached skill level 12 in Polearms
  5779 | D:6      | Reached * piety under Makhleb
  5840 | D:6      | Killed a troll
  5840 | D:6      | Reached skill level 13 in Polearms
  5840 | D:6      | Reached XP level 9. HP: 19/72 MP: 9/9
  5935 | D:6      | Found a shadowy altar of Dithmenos.
  6380 | D:6      | Found a bloodstained altar of Trog.
  6661 | D:7      | Reached ** piety under Makhleb
  6724 | D:7      | Found a transporter.
  6724 | D:7      | Noticed Yorgos's ghost (novice DEIE)
  6895 | D:7      | Found a transporter.
  6952 | D:7      | Reached skill level 14 in Polearms
  7365 | D:8      | Noticed a two-headed ogre
  8694 | D:8      | Found a staircase to the Lair.
  8697 | D:8      | Reached skill level 15 in Polearms
  8804 | D:8      | Noticed a troll
  8827 | D:8      | Killed a troll
  8865 | D:8      | Noticed a two-headed ogre
  8877 | D:8      | Killed a two-headed ogre
  8877 | D:8      | Reached skill level 16 in Polearms
  8877 | D:8      | Reached XP level 10. HP: 62/83 MP: 10/10
  9347 | D:8      | Reached *** piety under Makhleb
 10303 | D:9      | Found an ornate altar of the Wu Jian Council.
 10336 | D:10     | Entered Level 10 of the Dungeon
 10398 | D:10     | Noticed a boulder beetle
 10415 | D:10     | Reached skill level 10 in Fighting
 10663 | D:10     | Paralysed by a hornet for 1 turns
 10666 | D:10     | Reached skill level 1 in Invocations
 10682 | D:10     | Reached skill level 5 in Dodging
 10964 | D:10     | Noticed a two-headed ogre
 10976 | D:10     | Killed a two-headed ogre
 11066 | D:10     | Found Xojul's General Store.
 11087 | D:10     | Demolished by a boulder beetle

Illustrated notes

Levels and vault maps discovered:
D:1:      dpeg_arrival_stonehenge_8_columns, layout_basic
D:2:      layout_loops_ring, overflow_temple_1_default,
          nicolae_overflow_hidden_temple, uniq_jessica
D:3:      layout_loops_ring, gammafunk_temple_overflow_forgotten,
          chequers_hall_statues_y, uniq_crazy_yiuf_cottage
D:4:      minmay_octagon_keep, layout_loops_cross, lemuel_crystal_altar,
          lemuel_doored_altar, minmay_temple_entry_junction_2, serial_undead,
          serial_undead_b, serial_undead_d, serial_undead_d, serial_undead_b,
          serial_shops, shop, portal_sewer_entry_a, uniq_edmund
D:5:      layout_loops_ring, gammafunk_ghost_cemetery, uniq_blork_the_orc
D:6:      layout_rooms, nemelex_altar_shiori, kennysheep_little_box,
          basic_altar, hangedman_decor_peaks_small
D:7:      layout_gridville, gammafunk_ghost_mausoleum
D:8:      layout_basic, erik_lair_island
D:9:      layout_roguey, kennysheep_mini, serial_rivers,
          chequers_serial_rivers_small_b, chequers_serial_rivers_large_a,
          chequers_serial_rivers_micro_d, chequers_serial_rivers_large_b,
          chequers_serial_rivers_micro_e, chequers_serial_rivers_small_b,
          nrook_loot_triangle, minmay_stone_trees_medium
D:10:     layout_loops_ring, serial_shops, shop_fountains
Temple:   minmay_temple_forest_path

Skill      XL: |  1  2  3  4  5  6  7  8  9 10 |
---------------+-------------------------------+-----
Polearms       | 5 6 7 8 9 11 13 16 | 16.3
Fighting       | 3 4 5 6 7 9 10 | 10.0
Invocations    | 4 |  4.4
Dodging        | 6 |  6.8
Throwing       | |  2.0

Action                   |  1- 3 |  4- 6 |  7- 9 | 10-12 || total
-------------------------+-------+-------+-------+-------++-------
Melee: Trident           |   103 |   204 |   367 |       ||   674
       Spear             |       |       |    97 |   174 ||   271
       Tailslap          |       |       |     1 |       ||     1
Evoke: Wand              |       |       |     5 |       ||     5
  Use: Scroll            |       |     6 |    10 |     5 ||    21
       Potion            |       |     1 |     7 |     2 ||    10
 Stab: Sleeping          |     2 |     2 |     2 |       ||     6
       Invisible         |       |       |    17 |       ||    17
       Distracted        |       |       |     1 |       ||     1
       Betrayed ally     |       |       |     1 |       ||     1
Armor: Leather armour    |    22 |    21 |    62 |    14 ||   119
Dodge: Dodged            |    48 |    95 |   257 |    46 ||   446

Table legend: (Time is in decaauts)
 A = Elapsed time spent in this place.
 B = Non-inter-level travel time spent in this place.
 C = Inter-level travel time spent in this place.
 D = Time resting spent in this place.
 E = Time spent auto-exploring this place.
 F = Levels seen in this place.
 G = Mean time per level.
                   A        B        C        D        E       F      G
               +--------+--------+--------+--------+--------+-----+--------+
         Total |  10788 |  10376 |    412 |   1506 |   7410 |  11 |  980.7 |
       Dungeon |  10650 |  10297 |    353 |   1506 |   7332 |  10 | 1065.0 |
        Temple |    137 |     79 |     58 |      0 |     78 |   1 |  137.0 |
               +--------+--------+--------+--------+--------+-----+--------+

Top non-repeatable levels by time:
     D:7: 1576 daAuts
     D:8: 1298 daAuts
     D:4: 1283 daAuts
     D:6: 1240 daAuts
     D:3: 1077 daAuts
     D:5: 993 daAuts
     D:2: 937 daAuts
     D:1: 913 daAuts
     D:9: 848 daAuts
    D:10: 479 daAuts
  Temple: 137 daAuts
